WCHLSIM.com - West Coast Hockey League
html PUBLIC "-//W3C//DTD XHTML 1.0 Transitional//EN" "http://www.w3.org/TR/xhtml1/DTD/xhtml1-transitional.dtd"> WCHL - Game 65 - CALGARY FIREMEN vs LOS ANGELES SEALS

CALGARY FIREMEN vs LOS ANGELES SEALS

Created - 21 octobre 2022 at 21:47

Goals
1 2 3 T
CALGARY FIREMEN 3 2 0 5
LOS ANGELES SEALS 1 0 0 1
Shots
1 2 3 T
CALGARY FIREMEN 11 8 8 27
LOS ANGELES SEALS 7 7 4 18

1st period

1. CALGARY FIREMEN , Filip Forsberg 2 (Ryan Johansen 2, Jake McCabe 3) at 3:24
2. CALGARY FIREMEN , Filip Forsberg 3 (Ryan Johansen 3, Shayne Gostisbehere 2) at 11:32
3. LOS ANGELES SEALS , Dylan Strome 1 (Nikita Kucherov 1, Brandon Carlo 1) at 13:22
4. CALGARY FIREMEN , Sonny Milano 2 (Andreas Athanasiou 2, Adam Henrique 2) at 15:24

Penalties :
Filip Hronek (LOS) for Interference (Minor) at 5:12, Filip Forsberg (CGY) for High sticking (Minor) at 5:12, Alex Goligoski (CGY) for Hooking (Minor) at 17:01

2nd period

5. CALGARY FIREMEN , Filip Forsberg 4 (Ryan Johansen 4) at 5:35 (PP)
6. CALGARY FIREMEN , Filip Forsberg 5 (Shayne Gostisbehere 3, Ryan Johansen 5) at 19:04

Penalties :
Filip Hronek (LOS) for High sticking (Minor) at 5:15, Marcus Pettersson (LOS) for Hooking (Minor) at 9:58

3rd period

No Goal

Penalties :
Marcus Pettersson (LOS) for Holding (Minor) at 3:20, Noah Dobson (LOS) for Slashing (Minor) at 3:45, Nikita Kucherov (LOS) for Hooking (Minor) at 6:52

Goalie Stats

Vitek Vanecek (CGY), 17 saves from 18 shots - (0,944), W, 4-1-0, 60:00 minutes
Cal Petersen (LOS), 13 saves from 14 shots - (0,929), 34:25 minutes
Linus Ullmark (LOS), 9 saves from 13 shots - (0,692), L, 2-2-0, 25:35 minutes

Players Stats for CALGARY FIREMEN

Player Name              G  A  P  +/- PIM S  H  SB GA TA FO     MP     PP MP  PK MP  
------------------------------------------------------------------------------------
Adam Henrique            0  1  1   1  0   1  1  0  0  0  12/21  18:46   3:25   0:00 
Alex Goligoski           0  0  0   2  2   1  0  0  0  0  0/0    21:57   3:17   0:00 
Andreas Athanasiou       0  1  1   1  0   1  1  0  0  0  0/1    17:33   3:17   0:00 
Brett Howden             0  0  0  -1  0   1  1  0  0  0  2/3     9:14   0:00   0:46 
Filip Forsberg           4  0  4   3  2   12 1  0  0  0  0/1    18:27   3:17   0:00 
Gustav Forsling          0  0  0   1  0   1  1  1  0  0  0/0    24:14   3:05   0:51 
Gustav Lindstrom         0  0  0   0  0   0  0  1  0  0  0/0    17:31   0:33   0:53 
Jack Drury               0  0  0   0  0   2  1  0  0  0  7/13   14:29   0:00   1:13 
Jake McCabe              0  1  1   1  0   0  3  0  0  0  0/0    13:13   1:02   1:06 
Jakob Silfverberg        0  0  0   3  0   1  0  0  0  0  0/0    19:49   3:25   1:13 
Marc-Edouard Vlasic      0  0  0   0  0   0  0  0  0  0  0/0    19:55   2:02   1:08 
Mattias Janmark-Nylen    0  0  0   0  0   0  0  0  0  0  0/0    13:16   0:00   0:00 
Oskar Lindblom           0  0  0  -1  0   1  0  0  0  0  0/0     6:37   0:00   0:00 
Ryan Johansen            0  4  4   3  0   2  4  0  0  0  16/25  19:22   3:17   0:00 
Sam Gagner               0  0  0   0  0   1  1  0  0  0  0/0    13:16   0:00   0:00 
Shayne Gostisbehere      0  2  2   2  0   0  3  0  0  0  0/0    22:12   3:25   0:00 
Sonny Milano             1  0  1   1  0   3  0  0  0  0  0/0    18:46   3:25   0:00 
Yakov Trenin             0  0  0  -1  0   0  0  1  0  0  0/1     7:23   0:00   0:46 

Players Stats for LOS ANGELES SEALS

Player Name              G  A  P  +/- PIM S  H  SB GA TA FO     MP     PP MP  PK MP  
------------------------------------------------------------------------------------
Brady Skjei              0  0  0  -1  0   0  2  3  0  0  0/0    23:47   0:52   3:35 
Brandon Carlo            0  1  1  -1  0   0  1  1  0  0  0/0    15:17   0:00   0:24 
Christian Dvorak         0  0  0  -2  0   1  1  1  0  0  12/14  13:38   0:00   1:14 
Dylan Strome             1  0  1   0  0   8  0  0  0  0  5/12   16:37   0:52   0:00 
Filip Hronek             0  0  0  -1  4   0  0  0  0  0  0/0    21:24   1:07   3:25 
Gustav Nyquist           0  0  0   0  0   5  1  0  0  0  0/2    18:57   1:07   1:13 
Juho Lammikko            0  0  0  -1  0   0  0  0  0  0  2/8     6:34   0:00   0:00 
Kyle Clifford            0  0  0  -1  0   0  1  0  0  0  0/0     6:34   0:00   0:00 
Marcus Pettersson        0  0  0  -1  4   0  0  0  0  0  0/0    14:45   0:00   0:37 
Matthew Boldy            0  0  0  -2  0   1  0  0  0  0  0/0    12:24   0:00   0:00 
Mikael Backlund          0  0  0   0  0   0  0  2  0  0  6/16   21:25   1:07   4:34 
Nick Bonino              0  0  0   0  0   1  1  0  0  0  0/1    15:29   0:52   0:00 
Nicolas Roy              0  0  0   0  0   0  1  0  0  0  0/0    17:34   0:52   1:13 
Nikita Kucherov          0  1  1   0  2   2  0  1  0  0  3/9    21:16   1:07   3:18 
Noah Dobson              0  0  0  -1  2   0  0  2  0  0  0/0    21:33   1:07   2:25 
Owen Tippett             0  0  0  -2  0   0  0  0  0  0  0/3    12:24   0:00   0:00 
Philip Tomasino          0  0  0  -1  0   0  0  0  0  0  0/0     6:52   0:00   0:18 
Torey Krug               0  0  0  -1  0   0  2  4  0  0  0/0    23:09   0:52   2:57 

3 Stars

1 - Filip Forsberg (CGY)
2 - Ryan Johansen (CGY)
3 - Shayne Gostisbehere (CGY)

Power Play

CALGARY FIREMEN - 1 on 5 Attempt(s) - 20,00%
LOS ANGELES SEALS - 0 on 1 Attempt(s) - 0,00%

Penalty Kill

CALGARY FIREMEN - 1 on 1 Attempt(s) - 100,00% - Score 0 goal in Penalty Kill
LOS ANGELES SEALS - 4 on 5 Attempt(s) - 80,00% - Score 0 goal in Penalty Kill

Team Stat

CALGARY FIREMEN - Hits : 17 - Faceoff Wins : 37 - Blocked Shots : 3 - Penalty Minutes : 4
LOS ANGELES SEALS - Hits : 10 - Faceoff Wins : 28 - Blocked Shots : 14 - Penalty Minutes : 12

Official

Referees : Brad Meier and TJ Luxmore
Linesman : Libor Suchanek and Brad Kovachik

Game Notes

Filip Forsberg has scored a Hat Trick!
Cal Petersen enters game at 5:35 of 2nd period
Jake McCabe is injured at 17:17 of 2nd period (Strained Right Elbow)

Finance

Level 1 -- Attendance: 6000 (100,00%) -- Ticket Income 900 000 $
Level 2 -- Attendance: 5000 (100,00%) -- Ticket Income 495 000 $
Level 3 -- Attendance: 2000 (100,00%) -- Ticket Income 168 000 $
Level 4 -- Attendance: 3366 (84,15%) -- Ticket Income 269 280 $
Luxury Box -- Attendance: 968 (96,80%) -- Ticket Income 290 400 $
Total Attendance: 17334 (96,30%)
Total Ticket Income: 2 122 680 $
Other Expense: 21 227 $
Total Income: 2 101 453 $

CALGARY FIREMEN

5 vs 5 Forward 
   Center                   Left Wing                Right Wing               Time % Phy DF OF 
 1 Ryan Johansen            Jakob Silfverberg        Filip Forsberg           33     0   1  4  
 2 Adam Henrique            Sonny Milano             Andreas Athanasiou       32     0   2  3  
 3 Jack Drury               Mattias Janmark-Nylen    Sam Gagner               25     1   2  2  
 4 Brett Howden             Yakov Trenin             Oskar Lindblom           10     1   2  2  

5 vs 5 Defense 
   Defense                  Defense                                           Time % Phy DF OF 
 1 Gustav Forsling          Jake McCabe                                       33     1   1  3  
 2 Alex Goligoski           Shayne Gostisbehere                               32     1   1  3  
 3 Marc-Edouard Vlasic      Gustav Lindstrom                                  25     1   2  2  
 4 Gustav Forsling          Shayne Gostisbehere                               10     1   3  1  

PowerPlay Forward 
   Center                   Left Wing                Right Wing               Time % Phy DF OF 
 1 Ryan Johansen            Filip Forsberg           Andreas Athanasiou       50     0   0  5  
 2 Adam Henrique            Sonny Milano             Jakob Silfverberg        50     0   0  5  

PowerPlay Defense
   Defense                  Defense                                           Time % Phy DF OF 
 1 Gustav Forsling          Shayne Gostisbehere                               50     1   1  3  
 2 Alex Goligoski           Jake McCabe                                       50     1   1  3  

Penalty Kill 4 Players Forward 
   Center                   Wing                     Time % Phy DF OF 
 1 Jack Drury               Jakob Silfverberg        50     0   5  0  
 2 Brett Howden             Yakov Trenin             50     0   5  0  

Penalty Kill 4 Players Defense
   Defense                  Defense                  Time % Phy DF OF 
 1 Marc-Edouard Vlasic      Gustav Lindstrom         70     1   4  0  
 2 Alex Goligoski           Jake McCabe              30     1   4  0  

Penalty Kill - 3 Players Forward 
   Forward                                           Time % Phy DF OF 
 1 Jakob Silfverberg                                 50     0   5  0  
 2 Sam Gagner                                        50     0   5  0  

Penalty Kill - 3 Players Defense
   Defense                  Defense                  Time % Phy DF OF 
 1 Marc-Edouard Vlasic      Gustav Lindstrom         50     0   5  0  
 2 Alex Goligoski           Jake McCabe              50     0   5  0  

4 vs 4 Forward 
   Center                   Wing                     Time % Phy DF OF 
 1 Ryan Johansen            Filip Forsberg           50     1   1  3  
 2 Adam Henrique            Sonny Milano             50     1   1  3  

4 vs 4 Defense
   Defense                  Defense                  Time % Phy DF OF 
 1 Gustav Forsling          Shayne Gostisbehere      50     1   1  3  
 2 Alex Goligoski           Jake McCabe              50     1   1  3  

Last Minutes Offensive
   Center                   Left Wing                Right Wing               Defense                  Defense                  
   Ryan Johansen            Adam Henrique            Filip Forsberg           Gustav Forsling          Shayne Gostisbehere      

Last Minutes Defensive
   Center                   Left Wing                Right Wing               Defense                  Defense                  
   Adam Henrique            Filip Forsberg           Jakob Silfverberg        Gustav Forsling          Alex Goligoski           

Goaltenders
Starting : Vitek Vanecek            
Backup : Carey Price              

Extra Forwards
Normal : Brett Howden, Sonny Milano, Oskar Lindblom - PP : Brett Howden, Sonny Milano - PK : Oskar Lindblom
Extra Defensemen
Normal : Marc-Edouard Vlasic, Gustav Lindstrom, Alex Goligoski - PP : Marc-Edouard Vlasic - PK : Gustav Lindstrom, Alex Goligoski
Penalty Shots
Filip Forsberg, Ryan Johansen, Adam Henrique, Sonny Milano, Andreas Athanasiou
Custom OT Lines Forwards
Filip Forsberg, Ryan Johansen, Adam Henrique, Andreas Athanasiou, Jakob Silfverberg, Sonny Milano, Sam Gagner, Oskar Lindblom, Yakov Trenin, Jack Drury
Custom OT Lines Defensemen
Gustav Forsling, Shayne Gostisbehere, Alex Goligoski, Jake McCabe, Marc-Edouard Vlasic

Scratches
None

LOS ANGELES SEALS

5 vs 5 Forward 
   Center                   Left Wing                Right Wing               Time % Phy DF OF 
 1 Dylan Strome             Gustav Nyquist           Nikita Kucherov          36     1   2  2  
 2 Mikael Backlund          Nick Bonino              Nicolas Roy              31     1   2  2  
 3 Christian Dvorak         Matthew Boldy            Owen Tippett             23     1   2  2  
 4 Juho Lammikko            Kyle Clifford            Philip Tomasino          10     1   2  2  

5 vs 5 Defense 
   Defense                  Defense                                           Time % Phy DF OF 
 1 Torey Krug               Brady Skjei                                       36     1   2  2  
 2 Noah Dobson              Filip Hronek                                      31     1   2  2  
 3 Brandon Carlo            Marcus Pettersson                                 23     1   2  2  
 4 Torey Krug               Brady Skjei                                       10     1   2  2  

PowerPlay Forward 
   Center                   Left Wing                Right Wing               Time % Phy DF OF 
 1 Mikael Backlund          Gustav Nyquist           Nikita Kucherov          55     1   2  2  
 2 Nicolas Roy              Nick Bonino              Dylan Strome             45     1   2  2  

PowerPlay Defense
   Defense                  Defense                                           Time % Phy DF OF 
 1 Torey Krug               Brady Skjei                                       55     1   2  2  
 2 Noah Dobson              Filip Hronek                                      45     1   2  2  

Penalty Kill 4 Players Forward 
   Center                   Wing                     Time % Phy DF OF 
 1 Nikita Kucherov          Mikael Backlund          55     1   2  2  
 2 Gustav Nyquist           Nicolas Roy              45     1   2  2  

Penalty Kill 4 Players Defense
   Defense                  Defense                  Time % Phy DF OF 
 1 Torey Krug               Brady Skjei              55     1   2  2  
 2 Noah Dobson              Filip Hronek             45     1   2  2  

Penalty Kill - 3 Players Forward 
   Forward                                           Time % Phy DF OF 
 1 Nikita Kucherov                                   55     1   2  2  
 2 Mikael Backlund                                   45     1   2  2  

Penalty Kill - 3 Players Defense
   Defense                  Defense                  Time % Phy DF OF 
 1 Torey Krug               Brady Skjei              55     1   2  2  
 2 Noah Dobson              Filip Hronek             45     1   2  2  

4 vs 4 Forward 
   Center                   Wing                     Time % Phy DF OF 
 1 Nikita Kucherov          Mikael Backlund          55     1   2  2  
 2 Gustav Nyquist           Nicolas Roy              45     1   2  2  

4 vs 4 Defense
   Defense                  Defense                  Time % Phy DF OF 
 1 Torey Krug               Brady Skjei              55     1   2  2  
 2 Noah Dobson              Filip Hronek             45     1   2  2  

Last Minutes Offensive
   Center                   Left Wing                Right Wing               Defense                  Defense                  
   Mikael Backlund          Gustav Nyquist           Nikita Kucherov          Torey Krug               Brady Skjei              

Last Minutes Defensive
   Center                   Left Wing                Right Wing               Defense                  Defense                  
   Mikael Backlund          Gustav Nyquist           Nikita Kucherov          Torey Krug               Brady Skjei              

Goaltenders
Starting : Linus Ullmark            
Backup : Cal Petersen             

Extra Forwards
Normal : Kyle Clifford, Matthew Boldy, Christian Dvorak - PP : Kyle Clifford, Matthew Boldy - PK : Christian Dvorak
Extra Defensemen
Normal : Brandon Carlo, Marcus Pettersson, Noah Dobson - PP : Brandon Carlo - PK : Marcus Pettersson, Noah Dobson
Penalty Shots
Nikita Kucherov, Mikael Backlund, Gustav Nyquist, Nicolas Roy, Nick Bonino
Custom OT Lines Forwards
Nikita Kucherov, Mikael Backlund, Gustav Nyquist, Nicolas Roy, Nick Bonino, Dylan Strome, Matthew Boldy, Christian Dvorak, Owen Tippett, Juho Lammikko
Custom OT Lines Defensemen
Torey Krug, Brady Skjei, Noah Dobson, Filip Hronek, Brandon Carlo

Scratches
None


% Time on Ice - CALGARY FIREMEN

Lines # - Real PCT - Wanted PCT - Time Play
Normal Forward
1 - 31% - 33% - 15:11
2 - 29% - 32% - 14:16
3 - 27% - 25% - 13:16
4 - 13% - 10% - 6:37
Normal Defense
1 - 37% - 33% - 18:17
2 - 29% - 32% - 14:15
3 - 27% - 25% - 13:06
4 - 8% - 10% - 3:42
PP Forward
1 - 49% - 50% - 3:17
2 - 51% - 50% - 3:25
PP Defense
1 - 51% - 50% - 3:25
2 - 49% - 50% - 3:17
PK Forward
1 - 61% - 50% - 1:13
2 - 39% - 50% - 0:46
PK Defense
1 - 38% - 70% - 0:45
2 - 62% - 30% - 1:14
PK3 Forward
1 - 0% - 50%
2 - 0% - 50%
PK3 Defense
1 - 0% - 50%
2 - 0% - 50%
44 Forward
1 - 45% - 50% - 0:54
2 - 55% - 50% - 1:05
44 Defense
1 - 55% - 50% - 1:05
2 - 45% - 50% - 0:54
Last Minute Offensive  - 0:00
Last Minute Defensive  - 0:00
Total
Forward - 60:00
Defense - 60:00

% Time on Ice - LOS ANGELES SEALS

Lines # - Real PCT - Wanted PCT - Time Play
Normal Forward
1 - 32% - 36% - 15:45
2 - 30% - 31% - 14:37
3 - 25% - 23% - 12:24
4 - 13% - 10% - 6:34
Normal Defense
1 - 34% - 36% - 16:39
2 - 34% - 31% - 16:54
3 - 28% - 23% - 13:58
4 - 4% - 10% - 1:49
PP Forward
1 - 56% - 55% - 1:07
2 - 44% - 45% - 0:52
PP Defense
1 - 44% - 55% - 0:52
2 - 56% - 45% - 1:07
PK Forward
1 - 76% - 55% - 3:55
2 - 24% - 45% - 1:13
PK Defense
1 - 53% - 55% - 2:42
2 - 47% - 45% - 2:26
PK3 Forward
1 - 59% - 55% - 0:55
2 - 41% - 45% - 0:39
PK3 Defense
1 - 16% - 55% - 0:15
2 - 84% - 45% - 1:19
44 Forward
1 - 56% - 55% - 1:07
2 - 44% - 45% - 0:52
44 Defense
1 - 44% - 55% - 0:52
2 - 56% - 45% - 1:07
Last Minute Offensive  - 0:00
Last Minute Defensive  - 0:00
Total
Forward - 60:00
Defense - 60:00

Play-by-Play

1st period


0:01 of 1st period - Dylan Strome wins face-off versus Ryan Johansen in neutral zone.
0:09 of 1st period - Dylan Strome is hit by Jake McCabe and loses puck.
0:20 of 1st period - Nikita Kucherov is hit by Jake McCabe and loses puck.
0:29 of 1st period - Shot by Nikita Kucherov.
0:29 of 1st period - Shot Misses the Net.
0:31 of 1st period - Shot by Gustav Nyquist.
0:31 of 1st period - Stopped by Vitek Vanecek without a rebound.
0:32 of 1st period - Adam Henrique wins face-off versus Mikael Backlund in CALGARY FIREMEN zone.
0:32 of 1st period - Adam Henrique is hit by Nicolas Roy.
0:42 of 1st period - Shot by Andreas Athanasiou.
0:42 of 1st period - Shot Misses the Net.
0:44 of 1st period - Shot by Andreas Athanasiou.
0:44 of 1st period - Shot Misses the Net.
2:20 of 1st period - Shot by Gustav Nyquist.
2:20 of 1st period - Shot Misses the Net.
2:22 of 1st period - Shot by Gustav Nyquist.
2:22 of 1st period - Deflect By Dylan Strome.
2:22 of 1st period - Stopped by Vitek Vanecek with a rebound.
2:53 of 1st period - Shot by Mattias Janmark-Nylen.
2:53 of 1st period - Shot Misses the Net.
2:55 of 1st period - Shot by Jack Drury.
2:55 of 1st period - Stopped by Linus Ullmark with a rebound.
2:57 of 1st period - Shot by Mattias Janmark-Nylen.
2:57 of 1st period - Shot Blocked by Brady Skjei.
2:59 of 1st period - Shot by Jack Drury.
2:59 of 1st period - Stopped by Linus Ullmark without a rebound.
3:00 of 1st period - Juho Lammikko wins face-off versus Ryan Johansen in LOS ANGELES SEALS zone.
3:24 of 1st period - Shot by Filip Forsberg.
3:24 of 1st period - Goal by Filip Forsberg - CALGARY FIREMEN : 1 - LOS ANGELES SEALS : 0.
3:25 of 1st period - Jack Drury wins face-off versus Mikael Backlund in neutral zone.
5:12 of 1st period - Minor Penalty to Filip Hronek for Interference.
5:12 of 1st period - Minor Penalty to Filip Forsberg for High sticking.
5:13 of 1st period - Nikita Kucherov wins face-off versus Adam Henrique in LOS ANGELES SEALS zone.
6:07 of 1st period - Shot by Ryan Johansen.
6:07 of 1st period - Stopped by Linus Ullmark without a rebound.
6:08 of 1st period - Ryan Johansen wins face-off versus Gustav Nyquist in LOS ANGELES SEALS zone.
6:09 of 1st period - Shot by Brett Howden.
6:09 of 1st period - Shot Blocked by Torey Krug.
7:18 of 1st period - Icing by Sam Gagner.
7:19 of 1st period - Jack Drury wins face-off versus Juho Lammikko in CALGARY FIREMEN zone.
7:19 of 1st period - Jack Drury is hit by Kyle Clifford.
8:58 of 1st period - Shot by Nikita Kucherov.
8:58 of 1st period - Shot Misses the Net.
9:00 of 1st period - Shot by Dylan Strome.
9:00 of 1st period - Shot Misses the Net.
9:02 of 1st period - Shot by Dylan Strome.
9:02 of 1st period - Stopped by Vitek Vanecek with a rebound.
9:04 of 1st period - Shot by Gustav Nyquist.
9:04 of 1st period - Stopped by Vitek Vanecek without a rebound.
9:05 of 1st period - Ryan Johansen wins face-off versus Mikael Backlund in CALGARY FIREMEN zone.
9:12 of 1st period - Shot by Nicolas Roy.
9:12 of 1st period - Shot Misses the Net.
9:34 of 1st period - Shot by Filip Forsberg.
9:34 of 1st period - Shot Misses the Net.
9:36 of 1st period - Shot by Filip Forsberg.
9:36 of 1st period - Shot Misses the Net.
9:38 of 1st period - Shot by Filip Forsberg.
9:38 of 1st period - Stopped by Linus Ullmark with a rebound.
9:40 of 1st period - Shot by Jakob Silfverberg.
9:40 of 1st period - Shot Misses the Net.
10:46 of 1st period - Shot by Sam Gagner.
10:46 of 1st period - Stopped by Linus Ullmark with a rebound.
10:57 of 1st period - Shot by Sam Gagner.
10:57 of 1st period - Shot Misses the Net.
10:59 of 1st period - Shot by Jack Drury.
10:59 of 1st period - Shot Blocked by Nikita Kucherov.
11:16 of 1st period - Shot by Dylan Strome.
11:16 of 1st period - Stopped by Vitek Vanecek without a rebound.
11:17 of 1st period - Ryan Johansen wins face-off versus Owen Tippett in CALGARY FIREMEN zone.
11:17 of 1st period - Filip Forsberg is hit by Christian Dvorak.
11:32 of 1st period - Shot by Ryan Johansen.
11:32 of 1st period - Deflect By Filip Forsberg.
11:32 of 1st period - Goal by Filip Forsberg - CALGARY FIREMEN : 2 - LOS ANGELES SEALS : 0.
11:33 of 1st period - Juho Lammikko wins face-off versus Andreas Athanasiou in neutral zone.
13:22 of 1st period - Shot by Dylan Strome.
13:22 of 1st period - Goal by Dylan Strome - CALGARY FIREMEN : 2 - LOS ANGELES SEALS : 1.
13:23 of 1st period - Christian Dvorak wins face-off versus Jack Drury in neutral zone.
13:29 of 1st period - Matthew Boldy is hit by Jake McCabe and loses puck.
14:33 of 1st period - Icing by Gustav Forsling.
14:34 of 1st period - Mikael Backlund wins face-off versus Jack Drury in CALGARY FIREMEN zone.
14:34 of 1st period - Mikael Backlund is hit by Gustav Forsling.
15:20 of 1st period - Shot by Filip Forsberg.
15:20 of 1st period - Stopped by Linus Ullmark without a rebound.
15:21 of 1st period - Adam Henrique wins face-off versus Dylan Strome in LOS ANGELES SEALS zone.
15:22 of 1st period - Shot by Andreas Athanasiou.
15:22 of 1st period - Shot Misses the Net.
15:24 of 1st period - Shot by Sonny Milano.
15:24 of 1st period - Goal by Sonny Milano - CALGARY FIREMEN : 3 - LOS ANGELES SEALS : 1.
15:25 of 1st period - Adam Henrique wins face-off versus Dylan Strome in neutral zone.
16:30 of 1st period - Shot by Filip Forsberg.
16:30 of 1st period - Deflect By Ryan Johansen.
16:30 of 1st period - Stopped by Linus Ullmark without a rebound.
16:31 of 1st period - Brett Howden wins face-off versus Mikael Backlund in LOS ANGELES SEALS zone.
17:01 of 1st period - Minor Penalty to Alex Goligoski for Hooking.
17:02 of 1st period - Mikael Backlund wins face-off versus Jack Drury in CALGARY FIREMEN zone.
17:54 of 1st period - Yakov Trenin is hit by Nick Bonino.
18:29 of 1st period - Icing by Nikita Kucherov.
18:30 of 1st period - Jack Drury wins face-off versus Mikael Backlund in LOS ANGELES SEALS zone.
18:44 of 1st period - Shot by Nikita Kucherov.
18:44 of 1st period - Shot Misses the Net.
19:37 of 1st period - Shot by Matthew Boldy.
19:37 of 1st period - Shot Misses the Net.
19:39 of 1st period - Shot by Christian Dvorak.
19:39 of 1st period - Stopped by Vitek Vanecek without a rebound.
19:40 of 1st period - Ryan Johansen wins face-off versus Juho Lammikko in CALGARY FIREMEN zone.
19:57 of 1st period - Shot by Jakob Silfverberg.
19:57 of 1st period - Stopped by Linus Ullmark without a rebound.
19:58 of 1st period - Mikael Backlund wins face-off versus Jack Drury in LOS ANGELES SEALS zone.
Goals for this period are 3 for CALGARY FIREMEN vs 1 for LOS ANGELES SEALS.
Shots for this period are 11 for CALGARY FIREMEN vs 7 for LOS ANGELES SEALS.

2nd period


0:01 of 2nd period - Dylan Strome wins face-off versus Ryan Johansen in neutral zone.
0:01 of 2nd period - Nikita Kucherov is hit by Ryan Johansen and loses puck.
0:16 of 2nd period - Shot by Filip Forsberg.
0:16 of 2nd period - Stopped by Linus Ullmark without a rebound.
0:17 of 2nd period - Mikael Backlund wins face-off versus Adam Henrique in LOS ANGELES SEALS zone.
0:26 of 2nd period - Shot by Adam Henrique.
0:26 of 2nd period - Shot Blocked by Noah Dobson.
2:48 of 2nd period - Shot by Jack Drury.
2:48 of 2nd period - Shot Misses the Net.
2:58 of 2nd period - Brandon Carlo is hit by Jack Drury and loses puck.
3:04 of 2nd period - Icing by Brandon Carlo.
3:05 of 2nd period - Christian Dvorak wins face-off versus Brett Howden in LOS ANGELES SEALS zone.
4:15 of 2nd period - Shot by Gustav Nyquist.
4:15 of 2nd period - Shot Misses the Net.
4:29 of 2nd period - Shot by Dylan Strome.
4:29 of 2nd period - Stopped by Vitek Vanecek with a rebound.
4:31 of 2nd period - Shot by Gustav Nyquist.
4:31 of 2nd period - Stopped by Vitek Vanecek without a rebound.
4:32 of 2nd period - Ryan Johansen wins face-off versus Juho Lammikko in CALGARY FIREMEN zone.
4:37 of 2nd period - Philip Tomasino is hit by Ryan Johansen and loses puck.
4:51 of 2nd period - Filip Forsberg is hit by Brady Skjei and loses puck.
4:57 of 2nd period - Off-side.
4:58 of 2nd period - Dylan Strome wins face-off versus Adam Henrique in neutral zone.
5:05 of 2nd period - Andreas Athanasiou is hit by Gustav Nyquist and loses puck.
5:15 of 2nd period - Minor Penalty to Filip Hronek for High sticking.
5:16 of 2nd period - Ryan Johansen wins face-off versus Nikita Kucherov in LOS ANGELES SEALS zone.
5:35 of 2nd period - Shot by Filip Forsberg.
5:35 of 2nd period - Goal by Filip Forsberg - CALGARY FIREMEN : 4 - LOS ANGELES SEALS : 1.
5:35 of 2nd period - Cal Petersen enters game.
5:36 of 2nd period - Jack Drury wins face-off versus Owen Tippett in neutral zone.
7:11 of 2nd period - Shot by Filip Forsberg.
7:11 of 2nd period - Shot Misses the Net.
7:13 of 2nd period - Shot by Filip Forsberg.
7:13 of 2nd period - Shot Misses the Net.
7:49 of 2nd period - Nicolas Roy is hit by Andreas Athanasiou and loses puck.
7:55 of 2nd period - Adam Henrique is hit by Brandon Carlo and loses puck.
8:06 of 2nd period - Shot by Andreas Athanasiou.
8:06 of 2nd period - Shot Misses the Net.
8:26 of 2nd period - Shot by Brett Howden.
8:26 of 2nd period - Stopped by Cal Petersen without a rebound.
8:27 of 2nd period - Christian Dvorak wins face-off versus Yakov Trenin in LOS ANGELES SEALS zone.
8:32 of 2nd period - Shot by Matthew Boldy.
8:32 of 2nd period - Shot Blocked by Gustav Lindstrom.
8:52 of 2nd period - Shot by Matthew Boldy.
8:52 of 2nd period - Stopped by Vitek Vanecek with a rebound.
8:54 of 2nd period - Shot by Brady Skjei.
8:54 of 2nd period - Shot Blocked by Yakov Trenin.
9:58 of 2nd period - Minor Penalty to Marcus Pettersson for Hooking.
9:59 of 2nd period - Adam Henrique wins face-off versus Nikita Kucherov in LOS ANGELES SEALS zone.
10:03 of 2nd period - Jakob Silfverberg is hit by Brady Skjei and loses puck.
10:06 of 2nd period - Shot by Sonny Milano.
10:06 of 2nd period - Stopped by Cal Petersen without a rebound.
10:07 of 2nd period - Adam Henrique wins face-off versus Nikita Kucherov in LOS ANGELES SEALS zone.
11:06 of 2nd period - Shot by Filip Forsberg.
11:06 of 2nd period - Stopped by Cal Petersen with a rebound.
11:08 of 2nd period - Shot by Gustav Forsling.
11:08 of 2nd period - Shot Misses the Net.
11:10 of 2nd period - Shot by Filip Forsberg.
11:10 of 2nd period - Shot Blocked by Mikael Backlund.
11:12 of 2nd period - Shot by Ryan Johansen.
11:12 of 2nd period - Shot Misses the Net.
11:16 of 2nd period - Shot by Filip Forsberg.
11:16 of 2nd period - Stopped by Cal Petersen with a rebound.
11:18 of 2nd period - Shot by Shayne Gostisbehere.
11:18 of 2nd period - Shot Misses the Net.
11:20 of 2nd period - Shot by Filip Forsberg.
11:20 of 2nd period - Shot Misses the Net.
11:22 of 2nd period - Shot by Shayne Gostisbehere.
11:22 of 2nd period - Shot Misses the Net.
11:24 of 2nd period - Shot by Andreas Athanasiou.
11:24 of 2nd period - Shot Misses the Net.
11:26 of 2nd period - Shot by Shayne Gostisbehere.
11:26 of 2nd period - Shot Blocked by Mikael Backlund.
11:28 of 2nd period - Shot by Gustav Forsling.
11:28 of 2nd period - Stopped by Cal Petersen without a rebound.
11:29 of 2nd period - Ryan Johansen wins face-off versus Gustav Nyquist in LOS ANGELES SEALS zone.
12:49 of 2nd period - Icing by Brandon Carlo.
12:50 of 2nd period - Christian Dvorak wins face-off versus Adam Henrique in LOS ANGELES SEALS zone.
13:04 of 2nd period - Icing by Marcus Pettersson.
13:05 of 2nd period - Christian Dvorak wins face-off versus Filip Forsberg in LOS ANGELES SEALS zone.
13:30 of 2nd period - Shot by Dylan Strome.
13:30 of 2nd period - Stopped by Vitek Vanecek without a rebound.
13:31 of 2nd period - Adam Henrique wins face-off versus Mikael Backlund in CALGARY FIREMEN zone.
13:57 of 2nd period - Icing by Noah Dobson.
13:58 of 2nd period - Ryan Johansen wins face-off versus Mikael Backlund in LOS ANGELES SEALS zone.
15:34 of 2nd period - Shot by Nikita Kucherov.
15:34 of 2nd period - Deflect By Dylan Strome.
15:34 of 2nd period - Stopped by Vitek Vanecek without a rebound.
15:35 of 2nd period - Christian Dvorak wins face-off versus Jack Drury in CALGARY FIREMEN zone.
16:48 of 2nd period - Shot by Filip Forsberg.
16:48 of 2nd period - Shot Blocked by Torey Krug.
17:15 of 2nd period - Icing by Brady Skjei.
17:16 of 2nd period - Adam Henrique wins face-off versus Dylan Strome in LOS ANGELES SEALS zone.
17:16 of 2nd period - Jake McCabe is hit by Torey Krug and loses puck.
17:17 of 2nd period - Jake McCabe from CALGARY FIREMEN is injured at 17:17 of 2nd period (Strained Right Elbow).
17:18 of 2nd period - Adam Henrique wins face-off versus Nick Bonino in LOS ANGELES SEALS zone.
17:21 of 2nd period - Shot by Sonny Milano.
17:21 of 2nd period - Shot Blocked by Noah Dobson.
17:35 of 2nd period - Shot by Andreas Athanasiou.
17:35 of 2nd period - Shot Misses the Net.
18:19 of 2nd period - Shot by Gustav Nyquist.
18:19 of 2nd period - Stopped by Vitek Vanecek without a rebound.
18:20 of 2nd period - Ryan Johansen wins face-off versus Dylan Strome in CALGARY FIREMEN zone.
18:33 of 2nd period - Icing by Filip Forsberg.
18:34 of 2nd period - Ryan Johansen wins face-off versus Christian Dvorak in CALGARY FIREMEN zone.
19:04 of 2nd period - Shot by Filip Forsberg.
19:04 of 2nd period - Goal by Filip Forsberg - CALGARY FIREMEN : 5 - LOS ANGELES SEALS : 1.
19:05 of 2nd period - Jack Drury wins face-off versus Dylan Strome in neutral zone.
19:24 of 2nd period - Shot by Dylan Strome.
19:24 of 2nd period - Stopped by Vitek Vanecek with a rebound.
19:35 of 2nd period - Off-side.
19:36 of 2nd period - Ryan Johansen wins face-off versus Mikael Backlund in neutral zone.
19:58 of 2nd period - Shot by Filip Forsberg.
19:58 of 2nd period - Shot Misses the Net.
Goals for this period are 2 for CALGARY FIREMEN vs 0 for LOS ANGELES SEALS.
Shots for this period are 8 for CALGARY FIREMEN vs 7 for LOS ANGELES SEALS.

3rd period


0:01 of 3rd period - Dylan Strome wins face-off versus Adam Henrique in neutral zone.
1:39 of 3rd period - Shot by Filip Forsberg.
1:39 of 3rd period - Shot Misses the Net.
2:22 of 3rd period - Matthew Boldy is hit by Brett Howden and loses puck.
2:28 of 3rd period - Icing by Mattias Janmark-Nylen.
2:29 of 3rd period - Jack Drury wins face-off versus Dylan Strome in CALGARY FIREMEN zone.
3:00 of 3rd period - Shot by Nikita Kucherov.
3:00 of 3rd period - Stopped by Vitek Vanecek without a rebound.
3:01 of 3rd period - Ryan Johansen wins face-off versus Juho Lammikko in CALGARY FIREMEN zone.
3:06 of 3rd period - Shot by Filip Forsberg.
3:06 of 3rd period - Shot Blocked by Brandon Carlo.
3:09 of 3rd period - Icing by Marcus Pettersson.
3:10 of 3rd period - Ryan Johansen wins face-off versus Juho Lammikko in LOS ANGELES SEALS zone.
3:20 of 3rd period - Minor Penalty to Marcus Pettersson for Holding.
3:21 of 3rd period - Adam Henrique wins face-off versus Nikita Kucherov in LOS ANGELES SEALS zone.
3:45 of 3rd period - Minor Penalty to Noah Dobson for Slashing.
3:46 of 3rd period - Nikita Kucherov wins face-off versus Ryan Johansen in LOS ANGELES SEALS zone.
3:54 of 3rd period - Off-side.
3:55 of 3rd period - Ryan Johansen wins face-off versus Nikita Kucherov in neutral zone.
4:19 of 3rd period - Icing by Marc-Edouard Vlasic.
4:20 of 3rd period - Ryan Johansen wins face-off versus Nikita Kucherov in CALGARY FIREMEN zone.
4:27 of 3rd period - Shot by Filip Forsberg.
4:27 of 3rd period - Shot Blocked by Brady Skjei.
4:39 of 3rd period - Shot by Andreas Athanasiou.
4:39 of 3rd period - Shot Misses the Net.
6:08 of 3rd period - Shot by Christian Dvorak.
6:08 of 3rd period - Shot Misses the Net.
6:16 of 3rd period - Shot by Jack Drury.
6:16 of 3rd period - Shot Blocked by Christian Dvorak.
6:44 of 3rd period - Shot by Oskar Lindblom.
6:44 of 3rd period - Stopped by Cal Petersen without a rebound.
6:45 of 3rd period - Brett Howden wins face-off versus Dylan Strome in LOS ANGELES SEALS zone.
6:52 of 3rd period - Minor Penalty to Nikita Kucherov for Hooking.
6:53 of 3rd period - Christian Dvorak wins face-off versus Adam Henrique in LOS ANGELES SEALS zone.
7:05 of 3rd period - Shot by Jakob Silfverberg.
7:05 of 3rd period - Shot Blocked by Torey Krug.
7:07 of 3rd period - Shot by Gustav Lindstrom.
7:07 of 3rd period - Shot Blocked by Torey Krug.
7:09 of 3rd period - Shot by Alex Goligoski.
7:09 of 3rd period - Stopped by Cal Petersen without a rebound.
7:10 of 3rd period - Ryan Johansen wins face-off versus Christian Dvorak in LOS ANGELES SEALS zone.
7:11 of 3rd period - Shot by Filip Forsberg.
7:11 of 3rd period - Stopped by Cal Petersen without a rebound.
7:12 of 3rd period - Christian Dvorak wins face-off versus Ryan Johansen in LOS ANGELES SEALS zone.
7:25 of 3rd period - Shot by Ryan Johansen.
7:25 of 3rd period - Shot Misses the Net.
7:27 of 3rd period - Shot by Filip Forsberg.
7:27 of 3rd period - Stopped by Cal Petersen without a rebound.
7:28 of 3rd period - Christian Dvorak wins face-off versus Adam Henrique in LOS ANGELES SEALS zone.
7:28 of 3rd period - Christian Dvorak is hit by Adam Henrique.
8:42 of 3rd period - Nicolas Roy is hit by Filip Forsberg and loses puck.
9:38 of 3rd period - Juho Lammikko is hit by Shayne Gostisbehere and loses puck.
9:52 of 3rd period - Nikita Kucherov is hit by Shayne Gostisbehere and loses puck.
10:12 of 3rd period - Icing by Dylan Strome.
10:13 of 3rd period - Nikita Kucherov wins face-off versus Ryan Johansen in LOS ANGELES SEALS zone.
10:39 of 3rd period - Torey Krug is hit by Ryan Johansen and loses puck.
11:00 of 3rd period - Shot by Sonny Milano.
11:00 of 3rd period - Stopped by Cal Petersen with a rebound.
11:02 of 3rd period - Shot by Gustav Forsling.
11:02 of 3rd period - Deflect By Adam Henrique.
11:02 of 3rd period - Stopped by Cal Petersen without a rebound.
11:03 of 3rd period - Adam Henrique wins face-off versus Mikael Backlund in LOS ANGELES SEALS zone.
11:04 of 3rd period - Shot by Andreas Athanasiou.
11:04 of 3rd period - Stopped by Cal Petersen without a rebound.
11:05 of 3rd period - Adam Henrique wins face-off versus Mikael Backlund in LOS ANGELES SEALS zone.
11:38 of 3rd period - Shot by Andreas Athanasiou.
11:38 of 3rd period - Shot Misses the Net.
12:04 of 3rd period - Shot by Ryan Johansen.
12:04 of 3rd period - Shot Misses the Net.
12:08 of 3rd period - Shot by Ryan Johansen.
12:08 of 3rd period - Shot Misses the Net.
12:10 of 3rd period - Shot by Filip Forsberg.
12:10 of 3rd period - Shot Misses the Net.
12:52 of 3rd period - Shot by Mattias Janmark-Nylen.
12:52 of 3rd period - Shot Misses the Net.
13:48 of 3rd period - Shot by Nikita Kucherov.
13:48 of 3rd period - Shot Misses the Net.
13:59 of 3rd period - Off-side.
14:00 of 3rd period - Christian Dvorak wins face-off versus Ryan Johansen in neutral zone.
14:07 of 3rd period - Off-side.
14:08 of 3rd period - Christian Dvorak wins face-off versus Adam Henrique in neutral zone.
14:13 of 3rd period - Shot by Matthew Boldy.
14:13 of 3rd period - Shot Blocked by Gustav Forsling.
15:01 of 3rd period - Shot by Gustav Nyquist.
15:01 of 3rd period - Stopped by Vitek Vanecek with a rebound.
15:05 of 3rd period - Shot by Nikita Kucherov.
15:05 of 3rd period - Stopped by Vitek Vanecek without a rebound.
15:06 of 3rd period - Jack Drury wins face-off versus Juho Lammikko in CALGARY FIREMEN zone.
15:25 of 3rd period - Jack Drury is hit by Torey Krug and loses puck.
15:32 of 3rd period - Shot by Sam Gagner.
15:32 of 3rd period - Shot Blocked by Brady Skjei.
15:54 of 3rd period - Shot by Ryan Johansen.
15:54 of 3rd period - Shot Misses the Net.
15:56 of 3rd period - Shot by Filip Forsberg.
15:56 of 3rd period - Stopped by Cal Petersen without a rebound.
15:57 of 3rd period - Dylan Strome wins face-off versus Adam Henrique in LOS ANGELES SEALS zone.
17:25 of 3rd period - Nicolas Roy is hit by Shayne Gostisbehere and loses puck.
17:32 of 3rd period - Shot by Nick Bonino.
17:32 of 3rd period - Stopped by Vitek Vanecek without a rebound.
17:33 of 3rd period - Christian Dvorak wins face-off versus Jack Drury in CALGARY FIREMEN zone.
17:44 of 3rd period - Shot by Matthew Boldy.
17:44 of 3rd period - Shot Misses the Net.
18:28 of 3rd period - Brady Skjei is hit by Sam Gagner and loses puck.
18:32 of 3rd period - Icing by Christian Dvorak.
18:33 of 3rd period - Adam Henrique wins face-off versus Owen Tippett in LOS ANGELES SEALS zone.
19:13 of 3rd period - Icing by Filip Hronek.
19:14 of 3rd period - Mikael Backlund wins face-off versus Ryan Johansen in LOS ANGELES SEALS zone.
19:14 of 3rd period - Mikael Backlund is hit by Ryan Johansen.
19:17 of 3rd period - Icing by Nicolas Roy.
19:18 of 3rd period - Mikael Backlund wins face-off versus Ryan Johansen in LOS ANGELES SEALS zone.
Goals for this period are 0 for CALGARY FIREMEN vs 0 for LOS ANGELES SEALS.
Shots for this period are 8 for CALGARY FIREMEN vs 4 for LOS ANGELES SEALS.


NATHAN
MACKINNON
PHILLIP
DANAULT
CONNOR
MCDAVID

EAST COAST

HOCKEY LEAGUE

  • 25.QUE4CHI5
  • 26.CHA2LIM3
  • 27.TRV2LON3
  • 28.CHW4BAL2
  • 29.PITMAN
  • 30.ATLNHW
  • 31.WORPET
  • 32.RHI